cohdb
Replays
Latest Replays
All Replays
Popular Replays
Top Player Replays
Match Explorer
How It Works
Community
CoH3 Stats
Reddit
Sign in to upload your games and track your stats! →
Sign in with Steam
Match 43532178
Unlisted
Match 43532178
Overview
Messages
Build Orders
End
Pioneer Squad
Construct Infanterie Kompanie
Selects Mechanized Battlegroup
Grenadier Squad
MG 42 Machine Gun Team
Grenadier Squad
Grenadier Squad
Infanterie Officer Quarters
Selects Mobile Repair Stations
Construct Luftwaffe Kompanie
Flak 30 Anti-aircraft Gun Team
221 Scout Car
Selects Wespe Self-propelled Artillery
Wespe Self-propelled Artillery
Jäger Squad
Selects Raid Package
Construct Panzer Kompanie
Selects 8 Rad Armored Car
Selects UNKNOWN (2160084)
Panther Heavy Tank
Medical Bunker
Selects Mechanized Assault
Mechanized Assault
Panther Heavy Tank
Symbiosis
*Mule
Havoc
Reakly
0
0
Comments
sign in to comment!
No comments posted yet!